[Event "Late-Titled-Tuesday-Blitz-February-20-2024"]
[Site "Chess.com"]
[Date "2024.02.20"]
[Round "4"]
[White "crescentmoon2411"]
[Black "northridgehawk"]
[Result "1-0"]
[WhiteElo "2980"]
[BlackElo "2269"]
[TimeControl "180+1"]
[EndTime "14:37:04 PST"]
[Termination "crescentmoon2411 won by resignation"]

1. d4 f5 2. c4 Nf6 3. Nc3 e6 4.
Bg5 Bb4 5. e3 Bxc3+ 6. bxc3 O-O 7. Bd3 b6 8. Qf3 c6 9. Ne2 d5 10. Nf4 Qe7 11. h4 Nbd7 12. h5 Ba6 13. g4 e5 14. Ng6 Qa3 15. Qxf5 Qxc3+ 16. Kf1 Bxc4 17. Bxc4 Qxc4+ 18. Kg2 Qe2 19. Nxf8 Rxf8 20. Rae1 Qb2 21. Qe6+ Rf7 22. Bxf6 Nxf6 23. Rhf1 Ne4 24. dxe5 Nd2 25.
Re2 Qc2 26. Rxd2 Qxd2 27. g5 Kf8 28. g6 hxg6 29. hxg6 Re7 30. Qf5+ Kg8 31. Qc8+ 1-0

[Event "Late-Titled-Tuesday-Blitz-February-20-2024"]
[Site "Chess.com"]
[Date "2024.02.20"]
[Round "4"]
[White "JoakimVonAnd"]
[Black "Bugcrusher"]
[Result "1-0"]
[WhiteElo "2698"]
[BlackElo "2525"]
[TimeControl "180+1"]
[EndTime "14:37:05 PST"]
[Termination "JoakimVonAnd won by resignation"]

1. Nf3 d5 2. g3 Nd7 3. d4 Nb6 4. b3 a5 5. a4 Bf5 6. Ba3 e6 7. Bxf8 Kxf8 8. Bg2 Nf6 9. Nh4 Be4 10. f3 Bg6 11. O-O Qd6 12. e4 dxe4 13. Nxg6+ hxg6 14.
fxe4 e5 15. Nc3 exd4 16. Nb5 Qc5 17. Qxd4 Qxd4+ 18. Nxd4 Rd8 19. Rad1 Rh5 20. Ne6+ fxe6 21. Rxd8+ Ke7 22. Rb8 Rc5 23. c4 Nbd7 24. Rxb7 Ne5 25.
Rb5 Nfd7 26. Rd1 c6 27. Rb7 Ke8 28. Bh3 Nf6 29. Bxe6 Nxe4 30. Kg2 Nc3 31. Re1 g5 32. Bd5 cxd5 33. Rxe5+ Kd8 34. Rxg5 1-0

[Event "Late-Titled-Tuesday-Blitz-February-20-2024"]
[Site "Chess.com"]
[Date "2024.02.20"]
[Round "4"]
[White "Stalri"]
[Black "xakevicius91"]
[Result "1-0"]
[WhiteElo "2414"]
[BlackElo "2568"]
[TimeControl "180+1"]
[EndTime "14:37:07 PST"]
[Termination "Stalri won by resignation"]

1. e4 c5 2. c3 g6 3. d4 cxd4 4. cxd4 d5 5. e5 a6 6. Nc3 Nc6 7. Be3 Bg7 8. h4 h6 9. Qb3 e6 10. Nf3 Nge7 11. Bd3 Rb8 12. h5 g5 13. O-O Bd7 14. Rac1 O-O 15. Bb1 f5 16. exf6 Rxf6 17. Nh2 Qe8 18. Ng4 Rf5 19. Bxf5 Nxf5 20. Qd1 Ncxd4 21.
Re1 Nc6 22. Nxd5 exd5 23. Bxg5 Qf7 24. Bf4 Re8 25. Rxe8+ Bxe8 26. Qd3 Qxh5 27. Qxd5+ Qf7 28. Qe4 h5 29. Ne3 Nxe3 30. Bxe3 Bd7 31. Rc5 Qxa2 32. Rxh5 Qxb2 33. Qd5+ Kf8 34. Qxd7 Qa1+ 35. Kh2 Be5+ 36. g3 Qb2 37. Bc5+ Kg8 38. Rg5+ Bg7 39. Qe8+ Kh7 40.
Rh5+ Bh6 41. Be3 1-0

[Event "Late-Titled-Tuesday-Blitz-February-20-2024"]
[Site "Chess.com"]
[Date "2024.02.20"]
[Round "4"]
[White "jamengrand"]
[Black "Vasily85"]
[Result "1-0"]
[WhiteElo "2347"]
[BlackElo "2460"]
[TimeControl "180+1"]
[EndTime "14:37:07 PST"]
[Termination "jamengrand won on time"]

1. e4 c5 2. Nf3 e6 3. d4 cxd4 4. Bg5 Qa5+ 5. c3 Nc6 6. b4 Nxb4 7.
cxb4 Bxb4+ 8. Bd2 Ne7 9. Bd3 O-O 10. O-O Nc6 11. a3 Bxd2 12. Nbxd2 d6 13. Nc4 Qd8 14. e5 dxe5 15. Nfxe5 Nxe5 16. Nxe5 Qd5 17. Re1 h6 18. Rc1 Rd8 19. Rc7 f6 20. Qg4 Bd7 21. Nxd7 Rxd7 22. Bc4 Rxc7 23. Bxd5 exd5 24. Qxd4 Rd8 25. h4 a6 26. h5 Rc4 27. Qb6 Rd7 28. Re8+ Kh7 29. Qe6 Rc1+ 30. Kh2 1-0

[Event "Late-Titled-Tuesday-Blitz-February-20-2024"]
[Site "Chess.com"]
[Date "2024.02.20"]
[Round "4"]
[White "lluiss"]
[Black "CFalcons8"]
[Result "0-1"]
[WhiteElo "2196"]
[BlackElo "2426"]
[TimeControl "180+1"]
[EndTime "14:37:07 PST"]
[Termination "CFalcons8 won by resignation"]

1. Nf3 Nf6 2. d4 e6 3. c3 d5 4. Bf4 c5 5. e3 Nc6 6. h3 Bd6 7. Bb5 Bxf4 8. exf4 Qb6 9. Qe2 cxd4 10. Nxd4 O-O 11.
Nxc6 bxc6 12. Bd3 c5 13. b3 Bb7 14. O-O Rac8 15. Nd2 Qa5 16. Rfc1 Rfd8 17. f5 exf5 18. Bxf5 Re8 19. Qf3 Rc7 20. Re1 Rce7 21. Rxe7 Rxe7 22. Qg3 Qd8 23. Nf3 g6 24. Bd3 d4 25. cxd4 Bxf3 26. Qxf3 Qxd4 27. Bc4 Qxa1+ 0-1

[Event "Late-Titled-Tuesday-Blitz-February-20-2024"]
[Site "Chess.com"]
[Date "2024.02.20"]
[Round "4"]
[White "KetiTsatsalashvili"]
[Black "giovannibrandao7"]
[Result "1-0"]
[WhiteElo "2445"]
[BlackElo "2246"]
[TimeControl "180+1"]
[EndTime "14:37:08 PST"]
[Termination "KetiTsatsalashvili won by resignation"]

1. d4 Nf6 2. Nf3 g6 3. c4 Bg7 4. Nc3 d5 5. cxd5 Nxd5 6. e4 Nxc3 7. bxc3 O-O 8. Be2 c5 9. Rb1 Nc6 10. d5 Ne5 11. Nxe5 Bxe5 12. Qd3 e6 13. f4 Bg7 14. c4 exd5 15. cxd5 b6 16. O-O Bb7 17. Bf3 Qd7 18.
e5 f6 19. e6 Qd6 20. f5 gxf5 21. Qxf5 Rad8 22. Be4 1-0

[Event "Late-Titled-Tuesday-Blitz-February-20-2024"]
[Site "Chess.com"]
[Date "2024.02.20"]
[Round "4"]
[White "David_George21"]
[Black "otrov-11"]
[Result "1-0"]
[WhiteElo "2394"]
[BlackElo "2597"]
[TimeControl "180+1"]
[EndTime "14:37:09 PST"]
[Termination "David_George21 won by checkmate"]

1. e4 e6 2. d4 d5 3. Nd2 c5 4. exd5 Qxd5 5. Ngf3 cxd4 6. Bc4 Qd6 7. O-O Nf6 8. Nb3 Nc6 9. Nbxd4 Nxd4 10. Nxd4 Qc7 11.
Qe2 a6 12. c3 Bd6 13. h3 O-O 14. Bg5 e5 15. Bxf6 gxf6 16. Nc2 Kh8 17. Bd3 f5 18. Ne3 e4 19. Bc2 Rg8 20. Qh5 Bf4 21. Nd5 Qe5 22. Nxf4 Qxf4 23. Qxf7 Qg5 24. g3 e3 25. Kh1 Qh6 26. h4 Be6 27. Qxb7 exf2 28. Rxf2 Rab8 29. Qc7 Qe3 30. Raf1 Rxb2 31. Bxf5 Rxf2 32.
Qxh7# 1-0

[Event "Late-Titled-Tuesday-Blitz-February-20-2024"]
[Site "Chess.com"]
[Date "2024.02.20"]
[Round "4"]
[White "micke12a"]
[Black "giomar27"]
[Result "1-0"]
[WhiteElo "2353"]
[BlackElo "2463"]
[TimeControl "180+1"]
[EndTime "14:37:11 PST"]
[Termination "micke12a won by checkmate"]

1. d4 g6 2. Nc3 Bg7 3. e4 d6 4. Be3 a6 5. a4 b6 6. f4 Bb7 7. Nf3 Nf6 8. Bd3 Ng4 9. Bg1 Nc6 10. h3 Nh6 11. g4 e6 12. Qd2 Nb4 13. g5 Ng8 14. Be2 h6 15. O-O-O Ne7 16. Bf2 d5 17. e5 Nf5 18. h4 h5 19. Kb1 Qe7 20. Na2 Nxa2 21. Kxa2 a5 22. Bd3 Bf8 23. Bxf5 gxf5 24.
g6 fxg6 25. Rdg1 Qd7 26. Rxg6 Qxa4+ 27. Kb1 Bb4 28. Qd3 Ba6 29. Rxe6+ Kd7 30. Qxf5 Raf8 31. Rd6+ Ke7 32. Qe6# 1-0

[Event "Late-Titled-Tuesday-Blitz-February-20-2024"]
[Site "Chess.com"]
[Date "2024.02.20"]
[Round "4"]
[White "jactorres"]
[Black "IngOscarArdila"]
[Result "0-1"]
[WhiteElo "2432"]
[BlackElo "2268"]
[TimeControl "180+1"]
[EndTime "14:37:13 PST"]
[Termination "IngOscarArdila won on time"]

1. e4 e5 2. Nf3 Nf6 3. Nxe5 d6 4. Nf3 Nxe4 5. Nc3 Nxc3 6. dxc3 Be7 7. Bd3 O-O 8. O-O Nd7 9. Re1 Nf6 10. h3 Re8 11. c4 Bd7 12. b3 Bc6 13. Bb2 Qd7 14.
Nd4 Bf8 15. Bf5 Rxe1+ 16. Qxe1 Qe8 17. Qd2 Ne4 18. Qf4 Nc5 19. Qh4 h6 20. f3 Qe3+ 21. Kh1 Re8 22. Qg4 Qf2 23. Rg1 Re1 24. Rxe1 Qxe1+ 25. Kh2 Qe5+ 26. Qg3 g6 0-1

[Event "Late-Titled-Tuesday-Blitz-February-20-2024"]
[Site "Chess.com"]
[Date "2024.02.20"]
[Round "4"]
[White "PawnEatingZombie"]
[Black "MathiasWomacka"]
[Result "0-1"]
[WhiteElo "2199"]
[BlackElo "2505"]
[TimeControl "180+1"]
[EndTime "14:37:15 PST"]
[Termination "MathiasWomacka won by resignation"]

1. e4 c5 2. c3 d5 3. exd5 Qxd5 4. d4 Nf6 5. Nf3 e6 6. Be3 Nbd7 7. c4 Qd6 8. Nc3 a6 9. Be2 cxd4 10. Nxd4 Be7 11. O-O O-O 12. h3 Qc7 13. Rc1 b6 14. Bf3 Bb7 15.
Bxb7 Qxb7 16. Qf3 Qxf3 17. Nxf3 Rfc8 18. b3 Ba3 19. Rcd1 b5 20. Nb1 Be7 21. Nbd2 Bb4 22. Rc1 Kf8 23. cxb5 axb5 24. Nd4 Rxc1 25. Rxc1 Rxa2 26. Rc8+ Ne8 27. Ne4 Nb6 28. Nc6 Nxc8 29. Nxb4 Rb2 30. Bc5+ Kg8 31. Nd3 Rxb3 0-1

[Event "Late-Titled-Tuesday-Blitz-February-20-2024"]
[Site "Chess.com"]
[Date "2024.02.20"]
[Round "4"]
[White "BardArtem"]
[Black "MusicCityMaster"]
[Result "1-0"]
[WhiteElo "2771"]
[BlackElo "2547"]
[TimeControl "180+1"]
[EndTime "14:37:17 PST"]
[Termination "BardArtem won on time"]

1. e4 e6 2. d4 d5 3. Nc3 Bb4 4. Ne2 dxe4 5. a3 Bxc3+ 6. Nxc3 Nc6 7. Bf4 Nf6 8. Bb5 O-O 9. Bxc6 bxc6 10. Qd2 Rb8 11.
O-O-O Ba6 12. Be5 Ng4 13. Qf4 Nxe5 14. Qxe5 Qd6 15. Nxe4 Qd5 16. Nc3 Qc4 17. Qxc7 Rb7 18. Qa5 Rfb8 19. b3 Rxb3 20. cxb3 Qxb3 21. Kd2 Qb2+ 22.
Ke3 f5 23. Rb1 f4+ 24. Kf3 Be2+ 25. Nxe2 Rb3+ 26. Kxf4 Qxe2 27. Rxb3 Qxf2+ 28. Rf3 Qd2+ 29. Kg3 h5 30. Qxd2 1-0

[Event "Late-Titled-Tuesday-Blitz-February-20-2024"]
[Site "Chess.com"]
[Date "2024.02.20"]
[Round "4"]
[White "Hrant_ChessMood"]
[Black "AlexeiShirov"]
[Result "1-0"]
[WhiteElo "3012"]
[BlackElo "2846"]
[TimeControl "180+1"]
[EndTime "14:37:25 PST"]
[Termination "Hrant_ChessMood won by resignation"]

1. Nf3 d5 2. d4 Nf6 3. Bf4 c5 4. e3 Nc6 5. Nbd2 Qb6 6. dxc5 Qxb2 7. Rb1 Qc3 8. Bb5 g6 9. O-O Bg7 10. Ne5 Bd7 11. Nxd7 Nxd7 12. Nb3 e6 13. e4 dxe4 14.
Bxc6 bxc6 15. Qd6 Rd8 16. Qxc6 O-O 17. Bc7 Ne5 18. Qxe4 Rd5 19. Bd6 Rc8 20. Rfd1 Qc4 21. Qxc4 Nxc4 22. Rxd5 exd5 23. Rd1 Nxd6 24. cxd6 Rxc2 25.
Rxd5 Rxa2 26. d7 Bf6 27. d8=Q+ Bxd8 28. Rxd8+ Kg7 29. g3 a5 30. Ra8 a4 31. Nd4 Ra1+ 32. Kg2 a3 33. Nc2 Ra2 34. Nxa3 h5 35. Ra7 1-0

[Event "Late-Titled-Tuesday-Blitz-February-20-2024"]
[Site "Chess.com"]
[Date "2024.02.20"]
[Round "4"]
[White "IraZyne"]
[Black "Fh2411"]
[Result "1-0"]
[WhiteElo "2361"]
[BlackElo "2593"]
[TimeControl "180+1"]
[EndTime "14:37:29 PST"]
[Termination "IraZyne won on time"]

1. e4 c6 2. d4 d5 3. e5 Bf5 4. h4 h5 5. c4 e6 6. a3 Ne7 7.
Nc3 Nd7 8. Be3 dxc4 9. Bxc4 Nb6 10. Be2 Ned5 11. g3 Nxe3 12. fxe3 g6 13. Nf3 Bh6 14.
Qd2 Nd5 15. Nd1 Bg4 16. O-O g5 17. hxg5 Bxf3 18. gxh6 Bxe2 19. Qxe2 Qg5 20. Qf3 O-O-O 21. Kh2 Rdg8 22. e4 Ne7 23. Ne3 Rxh6 24. Rac1 Kb8 25. Ng2 Rh7 26. Rc3 Ng6 27. Qf6 Qd2 28.
Qf2 Qg5 29. d5 Nxe5 30. Ne3 Ng4+ 31. Nxg4 hxg4+ 32. Kg1 Qh5 33. Qg2 exd5 34. exd5 cxd5 35. Rfc1 1-0

[Event "Late-Titled-Tuesday-Blitz-February-20-2024"]
[Site "Chess.com"]
[Date "2024.02.20"]
[Round "4"]
[White "ImportedItalianMaple"]
[Black "Balla_Tamas"]
[Result "0-1"]
[WhiteElo "2513"]
[BlackElo "2380"]
[TimeControl "180+1"]
[EndTime "14:37:33 PST"]
[Termination "Balla_Tamas won by checkmate"]

1. Nf3 c5 2. e4 Nc6 3. Bb5 Nf6 4. e5 Nd5 5. Nc3 Nc7 6. Bxc6 dxc6 7. d3 g6 8. Ne4 b6 9. Bf4 Ne6 10. Bg3 Bg7 11. c3 O-O 12. Qe2 Ba6 13. Rd1 Qd7 14. h4 Rad8 15. c4 h6 16. h5 g5 17. O-O Nd4 18.
Nxd4 Qxd4 19. Nc3 Bc8 20. Ne4 Bf5 21. Rfe1 Bxe5 22. Bxe5 Qxe5 23. b3 Rd4 24. f3 Rfd8 25. Nf2 Qxe2 26. Rxe2 Bxd3 27. Rxe7 Bf5 28. Rxd4 cxd4 29.
Rxa7 d3 30. Nd1 d2 31. Kf2 Re8 32. Ne3 Rxe3 33. Kxe3 d1=Q 34. Ra8+ Kg7 35. g4 Qe1+ 36.
Kd4 Be6 37. c5 b5 38. Ra6 Qd2+ 39. Ke5 Qd5# 0-1

[Event "Late-Titled-Tuesday-Blitz-February-20-2024"]
[Site "Chess.com"]
[Date "2024.02.20"]
[Round "4"]
[White "Mesa_1"]
[Black "AsaHoffmann"]
[Result "1-0"]
[WhiteElo "2554"]
[BlackElo "2376"]
[TimeControl "180+1"]
[EndTime "14:37:34 PST"]
[Termination "Mesa_1 won by resignation"]

1. d4 Nf6 2. c4 c5 3. d5 e5 4. Nc3 d6 5. e4 Be7 6. Nf3 Nbd7 7. h3 Nf8 8. g3 Ng6 9. h4 Bg4 10. Be2 O-O 11. Ng5 Bxe2 12. Qxe2 h6 13. Nh3 Qd7 14. h5 Nh8 15. Ng1 Nh7 16. Nf3 a6 17. a4 b6 18.
Be3 f5 19. exf5 Qxf5 20. Nd2 Bg5 21. Nde4 Rad8 22. O-O-O Bxe3+ 23. Qxe3 Qf3 24. Qxf3 Rxf3 25. Kd2 Rff8 26. Ke2 Nf7 27. Ra1 Nfg5 28. Ra3 Nxe4 29. Nxe4 Ng5 30. Nxg5 hxg5 31. Rb3 Rb8 32. h6 g6 33. Rf3 Kh7 34. Rxf8 Rxf8 35. Ke3 b5 36. cxb5 axb5 37. a5 b4 38. Kd3 Rxf2 39. a6 Rf8 40.
Kc4 Ra8 41. Kb5 e4 42. Re1 Kxh6 43. Rxe4 Kh5 44. Kb6 1-0

[Event "Late-Titled-Tuesday-Blitz-February-20-2024"]
[Site "Chess.com"]
[Date "2024.02.20"]
[Round "4"]
[White "Pawngobblerx2000"]
[Black "OverallStranger"]
[Result "0-1"]
[WhiteElo "2463"]
[BlackElo "2358"]
[TimeControl "180+1"]
[EndTime "14:37:37 PST"]
[Termination "OverallStranger won by resignation"]

1. c4 e6 2. g3 f5 3. Bg2 Nf6 4. Nf3 c6 5. O-O d5 6. d3 Bd6 7. Nbd2 O-O 8. e4 fxe4 9. dxe4 dxe4 10. Ng5 e3 11. fxe3 Bc5 12. Qe2 Qe7 13. Kh1 Nbd7 14.
Nb3 Bd6 15. e4 e5 16. Be3 Nc5 17. h3 h6 18. Nxc5 Bxc5 19. Nf3 Nxe4 20. Kh2 Nf6 21.
Bxc5 Qxc5 22. Qxe5 Qxc4 23. Nh4 Qf7 24. Nf5 Bxf5 25.
Qxf5 Rae8 26. Rf2 Qh5 27. Qxh5 Nxh5 28. Raf1 Rxf2 29. Rxf2 Nf6 30. g4 Re3 31. Rd2 Kf7 32. b4 a6 33. a4 Ra3 34. b5 cxb5 35. axb5 axb5 36. Bxb7 b4 37. Rb2 b3 38. Bg2 Ke7 39.
Kg3 Kd6 40. Kf4 Kc5 41. Kf5 Kb4 42. Kg6 Ra7 43. Bf3 Kc3 44. Rb1 b2 45. Bd1 Ra1 0-1

[Event "Late-Titled-Tuesday-Blitz-February-20-2024"]
[Site "Chess.com"]
[Date "2024.02.20"]
[Round "4"]
[White "Zhigalko_Sergei"]
[Black "Mikasinski"]
[Result "0-1"]
[WhiteElo "2934"]
[BlackElo "2685"]
[TimeControl "180+1"]
[EndTime "14:37:38 PST"]
[Termination "Mikasinski won on time"]

1. e4 c5 2. Nf3 d6 3. d4 cxd4 4. Qxd4 a6 5. Bc4 Nc6 6. Qd3 Nf6 7. Nc3 g6 8. Bb3 Bg7 9. Bg5 O-O 10. O-O-O Qa5 11.
Kb1 Bg4 12. Bd2 Qh5 13. Qe3 Rac8 14. h3 Bxf3 15. gxf3 Ne5 16. f4 Nc4 17. Qd3 b5 18. Bc1 Rfd8 19. Rdg1 Rc5 20. Be3 Nxb2 21. Kxb2 Nxe4 22.
Bxc5 Nxc5 23. Qe3 b4 24. Qxe7 Rf8 25. Rg5 Qf3 0-1

[Event "Late-Titled-Tuesday-Blitz-February-20-2024"]
[Site "Chess.com"]
[Date "2024.02.20"]
[Round "4"]
[White "Fandorine"]
[Black "bilosuvenosu06"]
[Result "1-0"]
[WhiteElo "2930"]
[BlackElo "2503"]
[TimeControl "180+1"]
[EndTime "14:37:38 PST"]
[Termination "Fandorine won by resignation"]

1. d4 Nf6 2. c4 e6 3. Nc3 Bb4 4. Nf3 O-O 5. Bg5 d5 6. e3 Nbd7 7. Qc2 c6 8. Bd3 h6 9. Bh4 Re8 10. O-O a6 11. c5 Ba5 12. Ne5 g5 13. Bg3 Nxe5 14. Bxe5 Bc7 15. Bxc7 Qxc7 16. f4 g4 17. Qf2 Kg7 18. Qh4 Qe7 19. Ne2 Ne4 20. Qxg4+ Kh8 21.
Bxe4 dxe4 22. Qh5 Qf6 23. Ng3 Rg8 24. Nxe4 Qg7 25. Qe5 Bd7 26. Qxg7+ Rxg7 27. Kf2 f5 28. Nd6 Rag8 29. g3 Be8 30. b4 h5 31. Rh1 Rc7 32.
h3 Kg7 33. Rag1 Kf6 34. g4 hxg4 35. hxg4 Bg6 36. gxf5 exf5 37. Rh6 Rcg7 38. Rg5 Ke6 39. Nxf5 1-0

[Event "Late-Titled-Tuesday-Blitz-February-20-2024"]
[Site "Chess.com"]
[Date "2024.02.20"]
[Round "4"]
[White "Josetricks"]
[Black "katharinareinecke"]
[Result "1-0"]
[WhiteElo "2404"]
[BlackElo "1985"]
[TimeControl "180+1"]
[EndTime "14:37:38 PST"]
[Termination "Josetricks won by checkmate"]

1. e4 c6 2. Nf3 d5 3. Nc3 Bg4 4. h3 Bxf3 5. Qxf3 e6 6. d3 Nf6 7. Bd2 d4 8. Ne2 e5 9. g4 Nfd7 10. Qg3 Bd6 11. Bg2 Na6 12. Nxd4 Qc7 13. Nf5 g6 14.
Nxd6+ Qxd6 15. O-O O-O-O 16. f4 f6 17. fxe5 fxe5 18.
Be3 Nc7 19. Rf7 Rhf8 20. Raf1 Rxf7 21. Rxf7 h5 22. Bg5 Qd4+ 23. Kh2 Re8 24. c3 Qa4 25. a3 Qc2 26. Rf2 Qd1 27. gxh5 gxh5 28. h4 Rg8 29. Bh3 Rg7 30. Rf8+ Ne8 31. Rxe8+ Kc7 32. Bd8+ Kd6 33. Qxg7 Qe2+ 34. Bg2 Qxd3 35. Qe7# 1-0

[Event "Late-Titled-Tuesday-Blitz-February-20-2024"]
[Site "Chess.com"]
[Date "2024.02.20"]
[Round "4"]
[White "TokChess"]
[Black "EcosseKillie"]
[Result "1-0"]
[WhiteElo "2562"]
[BlackElo "2172"]
[TimeControl "180+1"]
[EndTime "14:37:39 PST"]
[Termination "TokChess won by resignation"]

1. c4 b6 2. b3 Bb7 3. Bb2 Nf6 4. e3 g6 5. Nf3 Bg7 6. Be2 O-O 7. O-O c5 8. d3 d5 9. cxd5 Nxd5 10. Bxg7 Kxg7 11.
Qd2 Kg8 12. Nc3 Nc6 13. Rfd1 e5 14. a3 Rc8 15. Rab1 Ba6 16. Qb2 Qd7 17. Nd2 Bb7 18.
Nc4 f6 19. Nxd5 Qxd5 20. Bf3 Qd7 21. b4 cxb4 22. axb4 Ne7 23. Bxb7 Qxb7 24. Nd6 Qd5 25. Nxc8 Rxc8 26. Rbc1 Rd8 27. e4 Qd7 28. Qc3 Rc8 29.
Qb3+ Kg7 30. Rxc8 Qxc8 31. h3 Nc6 32. Qc4 Qd7 33. Rc1 Nd4 34. Qc7 Qxc7 35. Rxc7+ Kh6 36. Rxa7 Nc2 37. b5 Nd4 38. Rb7 Nxb5 39. Rxb6 Nd4 40. Rxf6 Kg5 41. Rb6 h5 42. g3 Nf3+ 43.
Kg2 Ne1+ 44. Kf1 Nxd3 45. Ke2 Nc5 46. Ke3 Na4 47. Re6 Nc3 48. Rxe5+ Kf6 49. Ra5 Nd1+ 50. Kf3 g5 51. Ra6+ Ke5 52. Ra5+ Kf6 53. h4 g4+ 54. Ke2 Nc3+ 55. Kd3 Nd1 56. Kd2 Nxf2 57. Rf5+ 1-0

[Event "Late-Titled-Tuesday-Blitz-February-20-2024"]
[Site "Chess.com"]
[Date "2024.02.20"]
[Round "4"]
[White "vrekhson"]
[Black "IndianSchoolOfSuffering"]
[Result "1-0"]
[WhiteElo "2299"]
[BlackElo "2427"]
[TimeControl "180+1"]
[EndTime "14:37:39 PST"]
[Termination "vrekhson won by resignation"]

1. e4 c6 2. d4 d5 3. Nc3 dxe4 4. Nxe4 Nf6 5. Nxf6+ exf6 6. Ne2 Bd6 7. Bf4 O-O 8.
Qd2 Re8 9. O-O-O a5 10. Bxd6 Qxd6 11. Ng3 a4 12. Bd3 a3 13. b3 Na6 14. Rhe1 Bd7 15.
Bf5 g6 16. Bxd7 Qxd7 17. Ne4 Kg7 18. Qf4 Re6 19. Nc5 Nxc5 20. dxc5 Rxe1 21. Rxe1 Rd8 22. h4 Qd5 23. g4 Qxc5 24. Qe3 Qb4 25. h5 g5 26. f3 Rd5 27. c3 Qd6 28. Kc2 Re5 29. Qf2 f5 30. h6+ Kxh6 31. Qh2+ 1-0

[Event "Late-Titled-Tuesday-Blitz-February-20-2024"]
[Site "Chess.com"]
[Date "2024.02.20"]
[Round "4"]
[White "Felix-Rose"]
[Black "PNEPaul"]
[Result "1-0"]
[WhiteElo "2268"]
[BlackElo "1981"]
[TimeControl "180+1"]
[EndTime "14:37:39 PST"]
[Termination "Felix-Rose won by resignation"]

1. d4 a6 2. e4 d6 3. Nc3 g6 4.
h3 h6 5. Nf3 Nd7 6. Be3 Bg7 7.
Be2 e5 8. O-O Ne7 9. dxe5 dxe5 10. Bc4 O-O 11. a4 Kh7 12. a5 f5 13. Qd3 f4 14.
Bc1 c6 15. Rd1 Qe8 16. Na4 g5 17. Be6 Nf6 18. Bxc8 Rxc8 19. Nxe5 Ng6 20. Nxg6 Qxg6 21. f3 Rcd8 22. Qe2 Rxd1+ 23. Qxd1 Nh5 24. Bd2 Bd4+ 25.
Kh2 Bf2 26. Bc3 Rf7 27. Qd3 Bg3+ 28. Kg1 Nf6 29. Rd1 Rd7 30. Qe2 Rxd1+ 31. Qxd1 Qf7 32. Qd4 Kg6 33. Qxf6+ Qxf6 34. Bxf6 Kxf6 35. Kf1 h5 36. Nc5 1-0

[Event "Late-Titled-Tuesday-Blitz-February-20-2024"]
[Site "Chess.com"]
[Date "2024.02.20"]
[Round "4"]
[White "DanielNaroditsky"]
[Black "koziororo"]
[Result "1-0"]
[WhiteElo "3109"]
[BlackElo "2601"]
[TimeControl "180+1"]
[EndTime "14:37:41 PST"]
[Termination "DanielNaroditsky won by resignation"]

1. e4 c5 2. c3 Nf6 3. e5 Nd5 4. Nf3 e6 5. d4 cxd4 6. cxd4 d6 7. Bc4 Nc6 8. O-O Nb6 9. Bd3 Be7 10. Nc3 h6 11. exd6 Bxd6 12. Re1 O-O 13. a3 Be7 14. Bc2 Nd7 15. d5 exd5 16. Nxd5 Re8 17. Bf4 Nf8 18. Nc7 Ne6 19. Nxe8 Nxf4 20. Qxd8 Bxd8 21. Nd6 Be6 22.
Nxb7 Bf6 23. Nc5 Bd5 24. Be4 Bxb2 25. Rad1 Bxe4 26. Rxe4 Ng6 27. a4 Rc8 28. h4 Bf6 29. Nd7 Bb2 30. Rb1 Ba3 31. Rc4 Nge7 32. Nde5 f6 33. Nxc6 Rxc6 34. Rxc6 Nxc6 35. Rb7 a5 36. h5 Bb4 37. Nh4 Nd4 38. Rd7 Ne6 39. Nf5 Bc5 40. g4 Bb4 41. Kg2 Ba3 42. Ra7 Bb4 43. Nh4 Nc5 44.
Ng6 Nxa4 45. Nf4 Nc5 46. Nd5 Bd2 47. Ne7+ Kh7 48. Nf5 Ne6 49. Re7 Nf4+ 50. Kf3 Kg8 51. Rxg7+ Kf8 52. Ra7 Nd5 53. Rd7 a4 54. Rxd5 1-0

[Event "Late-Titled-Tuesday-Blitz-February-20-2024"]
[Site "Chess.com"]
[Date "2024.02.20"]
[Round "4"]
[White "JaackCamel"]
[Black "FREZZY23"]
[Result "0-1"]
[WhiteElo "2180"]
[BlackElo "2424"]
[TimeControl "180+1"]
[EndTime "14:37:41 PST"]
[Termination "FREZZY23 won by checkmate"]

1. d4 Nf6 2. c4 g6 3. Nc3 Bg7 4. e4 d6 5. Nf3 O-O 6. Be2 e5 7. Be3 Ng4 8. Bg5 f6 9. Bh4 g5 10. Bg3 Nc6 11. d5 Ne7 12. Nd2 Nh6 13. f3 f5 14. b4 a5 15. a3 g4 16. c5 gxf3 17. gxf3 Ng6 18. cxd6 cxd6 19. Nc4 fxe4 20. fxe4 Nf4 21.
b5 Ng2+ 22. Kd2 Qg5+ 23. Kc2 Ng4 24. Kb2 N2e3 25. Qd3 Nxc4+ 26. Qxc4 Bd7 27. Rhf1 Qd2+ 28.
Kb3 Rfc8 29. Qd3 Qg5 30. a4 Ne3 31. Rf3 Nc4 32. Rd1 Bg4 33. Rf2 Bxe2 34. Qxe2 Rc7 35.
Rf5 Qh6 36. Rd3 Rac8 37. Nd1 Qc1 38. Nb2 Qa1 39. Nxc4 Rxc4 40. Qb2 Qxa4# 0-1

[Event "Late-Titled-Tuesday-Blitz-February-20-2024"]
[Site "Chess.com"]
[Date "2024.02.20"]
[Round "4"]
[White "tgpgoat"]
[Black "Kosak12"]
[Result "0-1"]
[WhiteElo "2558"]
[BlackElo "2814"]
[TimeControl "180+1"]
[EndTime "14:37:42 PST"]
[Termination "Kosak12 won by resignation"]

1. Nf3 Nf6 2. b3 g6 3. Bb2 Bg7 4. e3 d5 5. Be2 c5 6. O-O O-O 7. c4 d4 8. exd4 Nh5 9. Ne5 cxd4 10. Bxh5 Bxe5 11. Bf3 Nc6 12. Re1 Bg7 13. d3 e5 14.
Nd2 Kh8 15. c5 Be6 16. Rc1 Qc7 17. Ne4 Rad8 18. Nd6 f5 19. b4 Nxb4 20. Bxd4 Nxa2 21. Rc2 Bb3 22. Rxe5 Nb4 23. Qe2 Nxc2 24. Re7 Nxd4 25.
Rxc7 Nxe2+ 26. Bxe2 b6 27. Nb7 Rc8 28. cxb6 axb6 29.
Rxc8 Rxc8 0-1

[Event "Late-Titled-Tuesday-Blitz-February-20-2024"]
[Site "Chess.com"]
[Date "2024.02.20"]
[Round "4"]
[White "rikchessmx"]
[Black "harkow"]
[Result "1/2-1/2"]
[WhiteElo "2239"]
[BlackElo "2431"]
[TimeControl "180+1"]
[EndTime "14:37:43 PST"]
[Termination "Game drawn by repetition"]

1. e4 Nf6 2. Nc3 d5 3. exd5 Nxd5 4. Bc4 Nb6 5. Bb3 Nc6 6. Nge2 Bf5 7. d3 e6 8. Be3 Be7 9. Qd2 h6 10. h3 Qd7 11. g4 Bh7 12. O-O-O O-O-O 13. f4 Kb8 14. Ng3 Nd4 15. Qf2 Nxb3+ 16. axb3 Bf6 17. Nge4 Be7 18.
Rhf1 Qc6 19. f5 exf5 20. gxf5 Bb4 21. Bd4 f6 22. Bc5 Bxc3 23. bxc3 Rhe8 24. Ba3 Re5 25.
Ng3 Nd5 26. c4 Nc3 27. Rde1 a5 28. Bb2 Na2+ 29. Kb1 Nb4 30. Bxe5 fxe5 31. Rxe5 a4 32. Qc5 Qxc5 33. Rxc5 axb3 34. Rb5 bxc2+ 35. Kb2 c5 36. Rxb4 cxb4 37. Kxc2 Re8 38. Rf3 Re1 39. Kb3 Rb1+ 40. Kc2 Rg1 41. Kb3 Rb1+ 42. Kc2 Rg1 43. Kb3 Rb1+ 1/2-1/2

[Event "Late-Titled-Tuesday-Blitz-February-20-2024"]
[Site "Chess.com"]
[Date "2024.02.20"]
[Round "4"]
[White "Noki102"]
[Black "dedpihto_v_kozhanom_palto"]
[Result "0-1"]
[WhiteElo "2525"]
[BlackElo "2692"]
[TimeControl "180+1"]
[EndTime "14:37:44 PST"]
[Termination "dedpihto_v_kozhanom_palto won by resignation"]

1. d4 g6 2. e4 Bg7 3. Nc3 d6 4. f4 Nc6 5. Nf3 Bg4 6. Be3 Bxf3 7. gxf3 e5 8. fxe5 dxe5 9. d5 Nd4 10. Bxd4 exd4 11.
Bb5+ c6 12. dxc6 Kf8 13. Nd5 Qa5+ 14. Qd2 Qxb5 15. Nc7 Qxc6 16. Qb4+ Ne7 17. Nxa8 Bf6 18. O-O-O Kg7 19. e5 Bg5+ 20. f4 Bxf4+ 21. Kb1 Nf5 22.
Rhf1 Bxe5 23. Rxf5 gxf5 24. Qe7 Re8 25. Rg1+ Kh8 26.
Qxf7 Rxa8 27. Qxf5 Qf6 28. Qg4 d3 29. cxd3 Bxb2 30.
h4 Bd4 31. Re1 Qb6+ 32. Kc1 Qb2+ 33. Kd1 Qb1+ 34. Kd2 Bc3+ 35. Kxc3 Qxe1+ 36. Kd4 Qa1+ 0-1